 Dungeon Crawl Stone Soup version 0.16.1-30-g34a7ffa (webtiles) character file.

130 Yawgmoth the Digger (level 5, 0/30 HPs)
             Began as a Gargoyle Earth Elementalist on June 18, 2015.
             Slain by an ice beast (14 damage)
             ... on level 3 of the Dungeon.
             The game lasted 00:14:34 (3532 turns).

Yawgmoth the Digger (Gargoyle Earth Elementalist)   Turns: 3532, Time: 00:14:35

Health: 0/30       AC:  8    Str: 11    XL:     5   Next: 14%
Magic:  4/11       EV: 12    Int: 17    God:
Gold:   96         SH:  0    Dex: 10    Spells: 2 memorised, 7 levels left

rFire  . . .     SeeInvis .     b - 76 stones
rCold  . . .     Clarity  .     c - +0 robe
rNeg   + . .     SustAb   .     (no shield)
rPois  ∞         Gourm    .     w - +0 helmet
rElec  +         Spirit   .     y - +0 cloak
rCorr  .         Warding  .     (no gloves)
rMut   .         Stasis   .     (no boots)
MR     .....                    (no amulet)
Stlth  ++........               (no ring)
                                (no ring)

@: not resistant to hostile enchantments, unstealthy
A: negative energy resistance 1, electricity resistance, unbreathing,
petrification resistance, rot immunity, AC +4
a: no special abilities


You were on level 3 of the Dungeon.
You were not hungry.

You visited 1 branch of the dungeon, and saw 3 of its levels.

You collected 96 gold pieces.

Inventory:

Hand weapons
 e - a +1 hand axe of electrocution
 l - a +0 hunting sling
 t - a +0 short sword of speed
 v - a +0 trident
Missiles
 b - 76 stones (in hand)
 B - 5 tomahawks
 C - 25 arrows
Armour
 c - a +0 robe (worn)
 i - a +0 helmet
 w - a +0 helmet (worn)
 y - a +0 cloak (worn)
 z - a +0 plate armour
Scrolls
 k - a scroll of immolation {unknown}
 q - a scroll of teleportation
 r - 2 scrolls of identify
 x - a scroll of remove curse
Potions
 g - a potion of restore abilities {unknown}
 h - 2 potions of magic {unknown}
 j - a potion of lignification {unknown}
 m - a potion of mutation {unknown}
 p - 2 potions of haste {unknown}
 u - 2 potions of might {unknown}
 A - a potion of brilliance {unknown}
Books
 d - a book of Geomancy

   Spells                             Type                      Level
   a - Sandblast                      Earth                        1
   b - Stoneskin                      Transmutation/Earth          2
   c - Passwall                       Transmutation/Earth          3
   d - Stone Arrow                    Conjuration/Earth            3
   e - Petrify                        Transmutation/Earth          4
   f - Lee's Rapid Deconstruction     Earth                        5
Comestibles
 a - a bread ration
 f - a slice of pizza
 n - 5 fruits
 o - 2 meat rations
 s - a chunk of flesh


   Skills:
 + Level 2.0 Fighting
 - Level 1.5 Dodging
 - Level 2.1 Stealth
 + Level 3.5 Spellcasting
   Level 0.7 Transmutations
 + Level 4.8 Earth Magic


You had 7 spell levels left.
You knew the following spells:

 Your Spells              Type           Power        Failure   Level  Hunger
a - Sandblast             Erth           ###...       2%          1    None
b - Stone Arrow           Conj/Erth      ##....       21%         3    ###....


Dungeon Overview and Level Annotations

Branches:
Dungeon (3/15)

Altars:


Innate Abilities, Weirdness & Mutations

You are resistant to torment.
You are immune to poison.
Your stone body is very resilient (AC +4).
You resist negative energy.
You are resistant to electric shocks.
You can survive without breathing.
You are immune to petrification.
You are immune to rotting.


Message History

Aim: an ice beast (moderately wounded)
The rocky blast hits the ice beast.
The ice beast is moderately wounded.
The ice beast hits you. The ice beast freezes you!
Casting: Sandblast
Confirm with . or Enter, or press ? or * to list all spells.
Aiming: Sandblast
Press: ? - help, Shift-Dir - straight line, f/p - ice beast
Aim: an ice beast (moderately wounded)
The rocky blast hits the ice beast.
The ice beast is moderately wounded.
The ice beast closely misses you.
Casting: Sandblast
Confirm with . or Enter, or press ? or * to list all spells.
Aiming: Sandblast
Press: ? - help, Shift-Dir - straight line, f/p - ice beast
Aim: an ice beast (moderately wounded)
The rocky blast misses the ice beast.
The ice beast hits you. The ice beast freezes you!
You die...

............####.#
#######.##.# #.#
#.##.# #.. #.##.#
. #.##.#
##########.##.#
#.....<.....#.#
##.#######..#..
#.#...@Y...###
#.#.####...# #.#
#......# #.#
#.#....#### #.#
#.##......# #.#
#.##......# #.#
#.##......# #.#
#.##......# #.#
#.##......#


You could see an ice beast.

Vanquished Creatures
  Robin (D:2)
  3 adders
  A worm (D:2)
  2 giant geckos
  7 orcs (D:3)
  2 giant cockroaches (D:1)
  14 hobgoblins
  6 jackals
  2 ball pythons (D:2)
  5 bats (D:2)
  5 giant newts
  17 goblins
  4 kobolds
  6 rats
75 creatures vanquished.

Notes
Turn   | Place    | Note
--------------------------------------------------------------
     0 | D:1      | Yawgmoth, the Gargoyle Earth Elementalist, began the quest for the Orb.
     0 | D:1      | Reached XP level 1. HP: 10/10 MP: 3/3
   418 | D:1      | Reached XP level 2. HP: 15/15 MP: 2/4
   608 | D:1      | Reached skill level 4 in Earth Magic
  1209 | D:1      | Reached XP level 3. HP: 19/19 MP: 6/6
  1916 | D:2      | Noticed Robin
  1923 | D:2      | Killed Robin
  1923 | D:2      | Reached XP level 4. HP: 16/24 MP: 1/9
  1934 | D:2      | Reached skill level 1 in Fighting
  2640 | D:3      | Learned a level 3 spell: Stone Arrow
  3031 | D:3      | Reached XP level 5. HP: 12/30 MP: 9/11
  3520 | D:3      | Noticed an ice beast
  3532 | D:3      | Slain by an ice beast

Action                   |  1- 3 |  4- 6 || total
-------------------------+-------+-------++-------
Melee: Hand axe          |    71 |   106 ||   177
 Fire: Hunting sling     |     5 |       ||     5
 Cast: Sandblast         |    14 |    19 ||    33
  Use: Scroll            |       |     4 ||     4
  Eat: Chunk             |     3 |     4 ||     7
       Pizza             |       |     1 ||     1
